 Dungeon Crawl Stone Soup version 0.30-a0-137-gd8773701ce (webtiles) character file.

Game seed: 12268131469887059616

18 freelancePsychic the Sneak (level 2, -1/18 HPs)
             Began as a Deep Elf Delver on Sept 23, 2022.
             Slain by a goblin
             ... wielding a +0 dagger
              (2 damage)
             ... on level 3 of the Dungeon.
             The game lasted 00:02:30 (713 turns).

freelancePsychic the Sneak (Deep Elf Delver)         Turns: 713, Time: 00:02:31

Health: -1/18      AC:  3    Str:  9    XL:     2   Next: 51%
Magic:  4/4        EV: 12    Int: 14    God:
Gold:   15         SH:  0    Dex: 16    Spells: 1/1 levels left

rFire   . . .      SeeInvis .    h - +0 dagger
rCold   . . .      Faith    .    (no shield)
rNeg    . . .      Spirit   .    b - +0 leather armour
rPois   .          Reflect  .    (no helmet)
rElec   .          Harm     .    (no cloak)
rCorr   .          Rampage  .    (no gloves)
Will    .....                    (no boots)
Stlth   +++.......               (no amulet)
HPRegen 0.06/turn                (no ring)
MPRegen 0.09/turn                (no ring)

@: no status effects
A: no striking features
a: no special abilities


You were on level 3 of the Dungeon.
You visited 1 branch of the dungeon, and saw 3 of its levels.

You collected 15 gold pieces.

Inventory:

Hand Weapons
 a - a +0 short sword
 h - a +0 dagger (weapon)
Armour
 b - a +0 leather armour (worn)
Wands
 g - a wand of digging (3)
Scrolls
 c - a scroll of fog
 d - a scroll of noise


   Skills:
 + Level 2.6 Fighting
 + Level 2.4 Short Blades
 - Level 2.5 Dodging
 + Level 6.3 Stealth


You had one spell level left.
You didn't know any spells.
Your spell library was empty.

Dungeon Overview and Level Annotations

Branches:
Dungeon (5/15)
 Temple: D:4-7

Altars:
Cheibriados


Message History

The bat is severely wounded.
The bat hits you but does no damage.
You closely miss the frilled lizard. The bat hits you but does no damage.
The frilled lizard barely misses you.
You closely miss the frilled lizard. The bat misses you.
The frilled lizard barely misses you. The bat misses you.
You hit the frilled lizard.
You kill the frilled lizard!
The bat hits you but does no damage. x2
The bat attacks as you move away! The bat closely misses you. The bat hits you.
The bat completely misses you.
The quokka twitches its whiskers.
The bat attacks as you move away! The bat closely misses you. The bat hits you.
The bat hits you.
Found a chain mail.
The bat hits you but does no damage. The bat attacks as you move away!
The bat closely misses you. The bat barely misses you. The bat misses you.
Found a stone staircase leading up.
The bat misses you. The bat attacks as you move away! The bat misses you.
The bat barely misses you. The bat hits you. The bat closely misses you.
The bat attacks as you move away! The bat hits you but does no damage.
The bat hits you. The bat hits you but does no damage.
The bat attacks as you move away! The bat completely misses you.
The bat hits you. x2
The bat closely misses you.
You hit the bat but do no damage. The bat closely misses you.
You hit the bat.
You kill the bat!
The goblin attacks as you move away! The goblin hits you with a +0 dagger.
* * * LOW HITPOINT WARNING * * *
The goblin attacks as you move away! The goblin hits you with a +0 dagger.
* * * LOW HITPOINT WARNING * * *
The goblin attacks as you move away! The goblin hits you but does no damage.
The goblin attacks as you move away! The goblin hits you with a +0 dagger.
* * * LOW HITPOINT WARNING * * *
The goblin attacks as you move away! The goblin hits you with a +0 dagger.
You die...

#####...#........
........#........
.########.#........
........)...>......
##...####.#........
#...<..#r#........ #...
#.#.#........
###########.####.#.........#
#..........@...............#
#.##########g###.#..........
#...........r..........#+###
#..#......r..###.#.##..#
#..#.............#.....#
#.............##.###...#
...........[...... ...#
..#.##########.#### ..
...... .#


You could see a quokka and a goblin.

Vanquished Creatures
  An adder (D:3)
  A dart slug (D:4)
  2 goblins
  2 hobgoblins
  A bat (D:3)
  A frilled lizard (D:3)
8 creatures vanquished.

Notes
Turn   | Place    | Note
-------+----------+-------------------------------------------
     0 | D:5      | freelancePsychic the Deep Elf Delver began the quest for
                  | the Orb.
     0 | D:5      | Reached XP level 1. HP: 13/13 MP: 3/3
     6 | D:5      | Noticed an ogre
   364 | D:4      | Found a snail-covered altar of Cheibriados.
   623 | D:4      | Noticed a necrophage
   662 | D:3      | Reached XP level 2. HP: 17/18 MP: 4/4
   713 | D:3      | Slain by a goblin

Illustrated notes

Levels and vault maps discovered:
D:3:      minmay_goblin_kobold_castle, layout_basic,
          chequers_temple_overflow_statue_of_worship, serial_park_tiny_1
D:4:      layout_basic, general_overflow_altar, uniq_grinder
D:5:      layout_basic, mainiacjoe_overflow_alcove_1,
          nicolae_tso_carved_into_rock, gammafunk_ghost_grave,
          roderic_roman_lattice, bh_walls_and_bars

Action                   || total
-------------------------++-------
Melee: Dagger            ||    31
       Short sword       ||    10
  Use: Scroll            ||     5
       Potion            ||     2
 Stab: Sleeping          ||     1
Armor: Leather armour    ||    24
Dodge: Dodged            ||    46

Table legend: (Time is in decaauts)
 A = Elapsed time spent in this place.
 B = Non-inter-level travel time spent in this place.
 C = Inter-level travel time spent in this place.
 D = Time resting spent in this place.
 E = Time spent auto-exploring this place.
 F = Levels seen in this place.
 G = Mean time per level.
                   A        B        C        D        E       F      G
               +--------+--------+--------+--------+--------+-----+--------+
         Total |    692 |    624 |     68 |    219 |    165 |   3 |  230.7 |
       Dungeon |    692 |    624 |     68 |    219 |    165 |   3 |  230.7 |
               +--------+--------+--------+--------+--------+-----+--------+

Top non-repeatable levels by time:
     D:4: 602 daAuts
     D:3: 75 daAuts
     D:5: 15 daAuts
